 Dungeon Sprint DCSS version 0.27-a0-1324-ge0d8e047f6 (webtiles) character file.

Game seed: 16555158675451484693

156 rocky1 the Blocker (level 5, -1/41 HPs)
             Began as a Formicid Fighter on June 24, 2021.
             Slain by a black bear (4 damage)
             ... in the Dungeon (Sprint IX: "|||||||||||||||||||||||||||||").
             The game lasted 00:00:52 (104 turns).

rocky1 the Blocker (Formicid Fighter)                Turns: 104, Time: 00:00:53

Health: -1/41      AC: -1    Str: 21    XL:     5   Next: 65%
Magic:  5/5        EV:  9    Int:  8    God:
Gold:   0          SH: 11    Dex: 10    Spells: 4/4 levels left

rFire    . . .     SeeInvis +   a - +0 long sword
rCold    . . .     Faith    .   c - +0 kite shield
rNeg     . . .     Spirit   .   b - +0 scale mail
rPois    .         Reflect  .   (helmet unavailable)
rElec    .         Harm     .   (no cloak)
rCorr    .         Rampage  .   (no gloves)
Will     .....                  (no boots)
Stlth    ..........             (no amulet)
HPRegen  0.13/turn              (no ring)
MPRegen  0.09/turn              (no ring)

@: corroded
A: permanent stasis, dig shafts and tunnels, antennae 3, four strong arms
a: Dig


You were in the Dungeon.
You visited 1 branch

Inventory:

Hand Weapons
 a - a +0 long sword (weapon)
Armour
 b - a +0 scale mail (worn)
 c - a +0 kite shield (worn)
Potions
 d - a potion of might
 g - 2 potions of magic


   Skills:
 - Level 3.2 Fighting
 + Level 7.6 Long Blades
 - Level 3.2 Armour
 + Level 9.5 Shields


You had 4 spell levels left.
You didn't know any spells.
Your spell library was empty.

Dungeon Overview and Level Annotations

Branches:
Dungeon (1/1)

Altars:


Innate Abilities, Weirdness & Mutations

You cannot be hasted, slowed, berserked, paralysed or teleported.
You can dig through walls and to a lower floor.
You have a pair of large antennae on your head. (SInv)
Your four strong arms can wield two-handed weapons with a shield.


Message History

You block the iguana's attack.
You hit the iguana.
The iguana is almost dead.
The iguana closely misses you.
You slash the iguana!
You kill the iguana!
Your Long Blades skill increases to level 7!
Your Shields skill increases to level 9!
You hit the jelly.
Your hands burn!
The jelly is lightly wounded.
You block the jelly's attack.
You hit the jelly. The acid corrodes you!
Your hands burn!
The jelly is heavily wounded.
The jelly hits you.
* * * LOW HITPOINT WARNING * * *
The acid corrodes you!
You are splashed with acid!
* * * LOW HITPOINT WARNING * * *
You feel much better. The jelly hits you but does no damage.
You hit the jelly.
Your hands burn!
The jelly is severely wounded.
The jelly hits you.
You are splashed with acid!
You hit the jelly but do no damage. The acid corrodes you!
Your hands burn!
The jelly is severely wounded.
You block the jelly's attack.
You slash the jelly!
You kill the jelly!
You barely miss the black bear. The black bear misses you.
The black bear claws you.
* * * LOW HITPOINT WARNING * * *
You block the black bear's attack.
You hit the black bear.
The black bear is moderately wounded.
The black bear bites you.
* * * LOW HITPOINT WARNING * * *
You block the black bear's attack. The black bear claws you.
* * * LOW HITPOINT WARNING * * *
You feel better. You block the black bear's attack. The black bear claws you.
* * * LOW HITPOINT WARNING * * *
The black bear claws you.
You die... ▓▓▓▓▓▓▓▓▓▓▓▓▓▓▓▓▓▓ ▓<...).....@h....+ ▓▓▓▓▓▓▓▓▓▓▓▓▓▓▓▓▓▓

You could see a black bear.

Vanquished Creatures
  A sky beast (D)
  A jelly (D)
  An iguana (D)
  A white imp (D)
  A hobgoblin (D)
  A jackal (D)
  A kobold (D)
  A quokka (D)
  A bat (D)
9 creatures vanquished.

Notes
Turn   | Place    | Note
-------+----------+-------------------------------------------
     0 | D        | rocky1 the Formicid Fighter began the quest for the Orb.
     0 | D        | Reached XP level 1. HP: 18/18 MP: 1/1
     6 | D        | Reached skill level 4 in Shields
    20 | D        | Reached XP level 2. HP: 20/24 MP: 2/2
    66 | D        | Noticed a sky beast
    66 | D        | Noticed a black bear
    74 | D        | Reached skill level 5 in Shields
    90 | D        | Killed a sky beast
    91 | D        | Reached skill level 8 in Shields
    91 | D        | Reached XP level 3. HP: 12/29 MP: 3/3
    91 | D        | Reached XP level 4. HP: 14/35 MP: 4/4
    91 | D        | Reached XP level 5. HP: 17/41 MP: 5/5
    96 | D        | Reached skill level 9 in Shields
   103 | D        | HP: 2/41 [black bear (4)]
   104 | D        | Slain by a black bear

Illustrated notes

Levels and vault maps discovered:
D:        linesprint [early_d, line_temple, items_1, d_10, items_2, lair_1,
          lair_end, items_3, orc_1, orc_end, items_4, d_15, swamp_1, shoals_1,
          snake_1, spider_1, d_20, vaults_1, items_5, swamp_end, shoals_end,
          snake_end, spider_end, vaults_end, d_27, items_6, zot_1, zot_end,
          crypt_end, forest_end, elf_end, slime_end, tomb_end, abyss_end,
          pan_hell_end]

Skill      XL: |  1  2  3  4  5 |
---------------+----------------+-----
Shields        | 4 8 9 |  9.5
Long Blades    | 3 6 7 |  7.6
Fighting       | |  3.2
Armour         | |  3.2

Action                   |  1- 3 |  4- 6 || total
-------------------------+-------+-------++-------
Melee: Long sword        |    39 |    12 ||    51
  Use: Potion            |       |     2 ||     2
Armor: Scale mail        |     9 |     1 ||    10
Dodge: Dodged            |    12 |     3 ||    15
Block: Kite shield       |    29 |     8 ||    37
       Rpst.: Long sword |     4 |       ||     4

Table legend: (Time is in decaauts)
 A = Elapsed time spent in this place.
 B = Non-inter-level travel time spent in this place.
 C = Inter-level travel time spent in this place.
 D = Time resting spent in this place.
 E = Time spent auto-exploring this place.
 F = Levels seen in this place.
 G = Mean time per level.
                   A        B        C        D        E       F      G
               +--------+--------+--------+--------+--------+-----+--------+
         Total |    119 |    119 |      0 |     40 |      0 |   1 |  119.0 |
       Dungeon |    119 |    119 |      0 |     40 |      0 |   1 |  119.0 |
               +--------+--------+--------+--------+--------+-----+--------+

Top non-repeatable levels by time:
       D: 119 daAuts
